 Dungeon Crawl Stone Soup version 0.24-a0-408-gcc1054c7ca (webtiles) character file.

Game seed: 11185637414410691363

39 Lanoc the Cudgeler (level 3, -2/36 HPs)
             Began as a Draconian Chaos Knight on June 5, 2019.
             Was a Plaything of Xom.
             Slain by a crocodile (5 damage)
             ... on level 2 of the Dungeon.
             The game lasted 00:01:12 (1254 turns).

Lanoc the Cudgeler (Draconian Chaos Knight)         Turns: 1254, Time: 00:01:14

Health: -2/36      AC:  5    Str: 14    XL:     3   Next: 28%
Magic:  3/3        EV: 13    Int: 12    God:    Xom [...*..]
Gold:   30         SH:  0    Dex: 13    Spells: 2/2 levels left

rFire    . . .     SeeInvis .   a - +0 mace (chaos)
rCold    . . .     Gourm    .   (no shield)
rNeg     . . .     Faith    .   (armour unavailable)
rPois    .         Spirit   .   (helmet restricted)
rElec    .         Reflect  .   (no cloak)
rCorr    .         Harm     .   (no gloves)
MR       .....                  (no boots)
Stlth    +.........             (no amulet)
HPRegen  0.12/turn              (no ring)
MPRegen  0.08/turn              (no ring)

@: no status effects
A: unfitting armour, agile 1, robust 1, cold-blooded, AC +5
a: Renounce Religion


You were on level 2 of the Dungeon.
You worshipped Xom.
You were a favourite toy of Xom.
You were not hungry.

You visited 1 branch of the dungeon, and saw 2 of its levels.

You collected 30 gold pieces.

Inventory:

Hand Weapons
 a - a +0 mace of chaos (weapon)
Scrolls
 c - a scroll of blinking {unknown}
 d - a scroll of magic mapping {unknown}
 f - a scroll of enchant weapon {unknown}
 h - 2 scrolls of identify {unknown}
Potions
 e - 2 potions of curing {unknown}
 i - a potion of heal wounds {unknown}
Comestibles
 b - 2 rations
 g - 2 chunks of flesh


   Skills:
 + Level 3.7 Fighting
 * Level 3.8 Maces & Flails
 + Level 2.5 Dodging


You had 2 spell levels left.
You didn't know any spells.
Your spell library was empty.

Dungeon Overview and Level Annotations

Branches:
Dungeon (2/15)

Altars:


Innate Abilities, Weirdness & Mutations

Your plain brown scales are hard. (AC +5)
You cannot fit into any form of body armour.
You are cold-blooded and may be slowed by cold attacks.
You are agile. (Dex +2)
You are robust. (+10% HP)


Message History

* * * LOW HITPOINT WARNING * * *
You hit the crocodile.
You feel better.
The crocodile is heavily wounded.
The crocodile barely misses you.
You barely miss the crocodile. You tail-slap the crocodile.
The crocodile is severely wounded.
The crocodile bites you but does no damage.
The crocodile closely misses you.
You barely miss the crocodile.
The crocodile is severely wounded.
The crocodile bites you!
* * * LOW HITPOINT WARNING * * *
Xom is interested.
You hit the crocodile but do no damage.
The light around the crocodile dims momentarily.
Your tail-slap misses the crocodile.
The crocodile is severely wounded.
The crocodile bites you.
You die...
Xom thinks this is hilarious!

#.# #.# .... #.# ...#
#.# ####### ...#
######.# #.....#
##...##
<......###.###.#
#.....# ######.....#
#.# #.....###
#####.###(###g.......
#.....(@tS....#
#########.....#
###.### .# . ##


You could see a crocodile, a goblin and a ball python.

Vanquished Creatures
  An adder (D:2)
  A dart slug (D:1)
  A leopard gecko (D:1)
  3 giant cockroaches
  3 goblins (D:1)
  5 hobgoblins (D:1)
  2 jackals (D:1)
  2 bats (D:1)
  A frilled lizard (D:1)
  3 kobolds (D:1)
  2 rats (D:1)
24 creatures vanquished.

Notes
Turn   | Place    | Note
-------+----------+-------------------------------------------
     0 | D:1      | Lanoc the Draconian Chaos Knight began the quest for the
                  | Orb.
     0 | D:1      | Reached XP level 1. HP: 19/19 MP: 1/1
   179 | D:1      | XOM: harmless Necr miscast
   354 | D:1      | Reached XP level 2. HP: 8/26 MP: 2/2
   374 | D:1      | XOM: divination: detect items
   890 | D:1      | XOM: harmless Pois miscast
   896 | D:1      | XOM: harmless Chrm miscast
   901 | D:1      | Reached XP level 3. HP: 30/33 MP: 3/3
  1056 | D:2      | XOM: give mutations
  1056 | D:2      | Gained mutation: You are agile. (Dex +2) [Xom's grace]
  1056 | D:2      | Gained mutation: You are robust. (+10% HP) [Xom's grace]
  1240 | D:2      | Noticed a crocodile
  1254 | D:2      | Slain by a crocodile

Levels and vault maps discovered:
D:1:      minmay_arrival_widening_spiral_narrow, layout_rooms,
          minmay_misc_feat_more_columns
D:2:      layout_loops_ring, hangedman_decor_growths

Action                   || total
-------------------------++-------
Melee: Mace              ||    80
       Tailslap          ||     7
  Eat: Chunk             ||     1
Armor: Skin              ||    28
Dodge: Dodged            ||    67

Table legend:
 A = Non-vault XP
 B = Vault XP
 C = Vault XP percentage of total XP
 D = Non-vault monster count
 E = Vault monster count
 F = Vault count percentage of total count
                 A         B        C        D         E       F
            +---------+---------+-------+---------+---------+-------
      Total |      57 |       0 |   0.0 |      24 |       0 |   0.0
            +---------+---------+-------+---------+---------+-------
        D:1 |      42 |       0 |   0.0 |      22 |       0 |   0.0
        D:2 |      15 |       0 |   0.0 |       2 |       0 |   0.0
            +---------+---------+-------+---------+---------+-------
